SNL (28 & UNDER)
MONTGOMERY BISCUITS @ SALEM SILVER SOULS
09/02/2025
 
TOP OF THE 1ST
Montgomery Biscuits batting - Pitching for Salem Silver Souls : RHP Clark Noble
Pitching: RHP Clark Noble
Batting: RHB Carlos Vásquez 0-0: Called Strike
0-1: Foul Ball, location: 2F
0-2: Ball
1-2: Ball
2-2: Ball
3-2: Strikes out swinging
Batting: SHB Jack Estes 0-0: TRIPLE (Line Drive, 89M)
Batting: RHB Yujiro Kurihara 0-0: Foul Ball, location: 2F
0-1: Foul Ball, location: 2F
0-2: Ball
1-2: Foul Ball, location: 2F
1-2: Reached on error, E5 (Groundball, 5L)
Jack Estes scores
Batting: RHB Juan Díaz 0-0: Fly out, F8 (Flyball, 8LS)
Batting: LHB Curt Walker 0-0: Foul Ball, location: 2F
0-1: Ball
1-1: Ball
2-1: Ball
3-1: Foul Ball, location: 2F
3-2: Strikes out swinging
Top of the 1st over - 1 run(s), 1 hit(s), 1 error(s), 1 left on base; Montgomery 1 - Salem 0
BOTTOM OF THE 1ST
Salem Silver Souls batting - Pitching for Montgomery Biscuits : RHP Ken Lyons
Pitching: RHP Ken Lyons
Batting: RHB Jack Snyder 0-0: Called Strike
0-1: Swinging Strike
0-2: Ball
1-2: Strikes out swinging
Batting: RHB Jesús Gutiérrez 0-0: Ball
1-0: Swinging Strike
1-1: Ground out 6-3 (Groundball, 6)
Batting: RHB Peter Hensley 0-0: Called Strike
0-1: Ball
1-1: Swinging Strike
1-2: Ball
2-2: Ground out 4-3 (Groundball, 34)
Bottom of the 1st over - 0 run(s), 0 hit(s), 0 error(s), 0 left on base; Montgomery 1 - Salem 0
TOP OF THE 2ND
Montgomery Biscuits batting - Pitching for Salem Silver Souls : RHP Clark Noble
Batting: RHB Peyton Yardley 0-0: Foul Ball, location: 2F
0-1: Foul Ball, location: 2F
0-2: Strikes out looking
Batting: RHB Warren Martin 0-0: Bunt missed!
0-1: Ground out 3-1 (Groundball, 34S)
Batting: LHB Brian MacIntosh 0-0: Called Strike
0-1: Swinging Strike
0-2: Ball
1-2: Foul Ball, location: 2F
1-2: Strikes out swinging
Top of the 2nd over - 0 run(s), 0 hit(s), 0 error(s), 0 left on base; Montgomery 1 - Salem 0
BOTTOM OF THE 2ND
Salem Silver Souls batting - Pitching for Montgomery Biscuits : RHP Ken Lyons
Batting: RHB Lonson Seals 0-0: Called Strike
0-1: Foul Ball, location: 2F
0-2: Ball
1-2: SINGLE (Flyball, 89S)
Batting: LHB Raúl Cordero 0-0: Ball
1-0: Called Strike
1-1: Ball
2-1: Ball
3-1: Base on Balls
Lonson Seals to second
Batting: RHB Carlos García 0-0: Foul Ball, location: 2F
0-1: Ball
1-1: Ball
2-1: Ball
3-1: Base on Balls
Lonson Seals to third
Raúl Cordero to second
Batting: LHB Millard Dye 0-0: Called Strike
0-1: Foul Ball, location: 2F
0-2: Ball
1-2: Ball
2-2: Ball
3-2: Foul Ball, location: 2F
3-2: Base on Balls
Lonson Seals scores
Raúl Cordero to third
Carlos García to second
Batting: LHB Ezechiele Bruno 0-0: Ball
1-0: Called Strike
1-1: Ball
2-1: Fly out, F6 (Popup, 6D)
Batting: RHB Willie Houk 0-0: Called Strike
0-1: Foul Ball, location: 2F
0-2: Ball
1-2: Ground out 5-3 (Groundball, 5S)
Raúl Cordero scores
Carlos García to third
Millard Dye to second
Batting: RHB Jack Snyder 0-0: Swinging Strike
0-1: Foul Ball, location: 2F
0-2: Foul Ball, location: 2F
0-2: Foul Ball, location: 2F
0-2: Ball
1-2: Ball
2-2: Ball
3-2: Strikes out swinging
Bottom of the 2nd over - 2 run(s), 1 hit(s), 0 error(s), 2 left on base; Montgomery 1 - Salem 2
TOP OF THE 3RD
Montgomery Biscuits batting - Pitching for Salem Silver Souls : RHP Clark Noble
Batting: SHB Tony Echevarría 0-0: Ball
1-0: Foul Ball, location: 2F
1-1: Swinging Strike
1-2: Ball
2-2: Ball
3-2: Base on Balls
Batting: RHB Carlos Vásquez 0-0: Swinging Strike
0-1: Swinging Strike
0-2: Foul Ball, location: 2F
0-2: Strikes out swinging
Batting: SHB Jack Estes 0-0: Called Strike
0-1: Foul Ball, location: 2F
0-2: Ball
1-2: Foul Ball, location: 2F
1-2: Ball
2-2: Strikes out swinging
Batting: RHB Yujiro Kurihara 0-0: Ball
1-0: Called Strike
1-1: Foul Ball, location: 2F
1-2: Ball
2-2: Strikes out looking
Top of the 3rd over - 0 run(s), 0 hit(s), 0 error(s), 1 left on base; Montgomery 1 - Salem 2
BOTTOM OF THE 3RD
Salem Silver Souls batting - Pitching for Montgomery Biscuits : RHP Ken Lyons
Batting: RHB Jesús Gutiérrez 0-0: Ball
1-0: Ball
2-0: Fly out, F6 (Line Drive, 6)
Batting: RHB Peter Hensley 0-0: Called Strike
0-1: Foul Ball, location: 2F
0-2: Foul Ball, location: 2F
0-2: Strikes out swinging
Batting: RHB Lonson Seals 0-0: Ball
1-0: Ball
2-0: Called Strike
2-1: Ball
3-1: SINGLE (Line Drive, 8LS)
Batting: LHB Raúl Cordero 0-0: Ball
Wild Pitch!
Lonson Seals to second
1-0: Called Strike
1-1: Ball
2-1: Called Strike
2-2: Ground out U3 (Groundball, 3S)
Bottom of the 3rd over - 0 run(s), 1 hit(s), 0 error(s), 1 left on base; Montgomery 1 - Salem 2
TOP OF THE 4TH
Montgomery Biscuits batting - Pitching for Salem Silver Souls : RHP Clark Noble
Batting: RHB Juan Díaz 0-0: Called Strike
0-1: Swinging Strike
0-2: Ground out 4-3 (Groundball, 4)
Batting: LHB Curt Walker 0-0: Called Strike
0-1: Fly out, F8 (Flyball, 8LXD)
Batting: RHB Peyton Yardley 0-0: Ball
1-0: Swinging Strike
1-1: Ball
2-1: Fly out, F8 (Flyball, 78M)
Top of the 4th over - 0 run(s), 0 hit(s), 0 error(s), 0 left on base; Montgomery 1 - Salem 2
BOTTOM OF THE 4TH
Salem Silver Souls batting - Pitching for Montgomery Biscuits : RHP Ken Lyons
Batting: RHB Carlos García 0-0: Fly out, F9 (Flyball, 9D)
Batting: LHB Millard Dye 0-0: Called Strike
0-1: Ball
1-1: Ball
2-1: Foul Ball, location: 2F
2-2: Strikes out swinging
Batting: LHB Ezechiele Bruno 0-0: DOUBLE (Groundball, 5L)
Batting: RHB Willie Houk 0-0: SINGLE (Flyball, 7LM)
Ezechiele Bruno to third
Runner from 3rd tries for Home, SAFE, no throw or cutoff
Batting: RHB Jack Snyder 0-0: Called Strike
0-1: Ball
1-1: Swinging Strike
1-2: Strikes out looking
Bottom of the 4th over - 1 run(s), 2 hit(s), 0 error(s), 1 left on base; Montgomery 1 - Salem 3
TOP OF THE 5TH
Montgomery Biscuits batting - Pitching for Salem Silver Souls : RHP Clark Noble
Batting: RHB Warren Martin 0-0: Fly out, F8 (Flyball, 8RM)
Batting: LHB Brian MacIntosh 0-0: Ball
1-0: Called Strike
1-1: Ground out U3 (Groundball, 3S)
Batting: SHB Tony Echevarría 0-0: Ball
1-0: Called Strike
1-1: Called Strike
1-2: Strikes out swinging
Top of the 5th over - 0 run(s), 0 hit(s), 0 error(s), 0 left on base; Montgomery 1 - Salem 3
BOTTOM OF THE 5TH
Salem Silver Souls batting - Pitching for Montgomery Biscuits : RHP Ken Lyons
Batting: RHB Jesús Gutiérrez 0-0: Ball
1-0: Ground out 5-3 (Groundball, 56S)
Batting: RHB Peter Hensley 0-0: Foul Ball, location: 2F
0-1: Ball
1-1: Ground out 5-3 (Groundball, 5L)
Batting: RHB Lonson Seals 0-0: Ball
1-0: Called Strike
1-1: Ground out 4-3 (Groundball, 4)
Bottom of the 5th over - 0 run(s), 0 hit(s), 0 error(s), 0 left on base; Montgomery 1 - Salem 3
TOP OF THE 6TH
Montgomery Biscuits batting - Pitching for Salem Silver Souls : RHP Clark Noble
Batting: RHB Carlos Vásquez 0-0: Ground out 4-3 (Groundball, 4M)
Batting: SHB Jack Estes 0-0: Called Strike
0-1: Foul Ball, location: 2F
0-2: Ground out 5-3 (Groundball, 56)
Batting: RHB Yujiro Kurihara 0-0: Ball
1-0: Ball
2-0: Foul Ball, location: 2F
2-1: Ball
3-1: Fly out, F7 (Flyball, 7LM)
Top of the 6th over - 0 run(s), 0 hit(s), 0 error(s), 0 left on base; Montgomery 1 - Salem 3
BOTTOM OF THE 6TH
Salem Silver Souls batting - Pitching for Montgomery Biscuits : RHP Ken Lyons
Batting: LHB Raúl Cordero 0-0: Called Strike
0-1: Ball
1-1: Foul Ball, location: 2F
1-2: Strikes out swinging
Batting: RHB Carlos García 0-0: Called Strike
0-1: Fly out, F6 (Line Drive, 6)
Batting: LHB Millard Dye 0-0: Foul Ball, location: 2F
0-1: Ball
1-1: Foul Ball, location: 2F
1-2: Foul Ball, location: 2F
1-2: Strikes out swinging
Bottom of the 6th over - 0 run(s), 0 hit(s), 0 error(s), 0 left on base; Montgomery 1 - Salem 3
TOP OF THE 7TH
Montgomery Biscuits batting - Pitching for Salem Silver Souls : RHP Clark Noble
Batting: RHB Juan Díaz 0-0: Ball
1-0: Swinging Strike
1-1: Ball
2-1: Foul Ball, location: 2F
2-2: Ball
3-2: SINGLE (Line Drive, 4MD)
Batting: LHB Curt Walker 0-0: Ball
1-0: Called Strike
1-1: Ball
2-1: Fly out, F5 (Popup, 5F)
Batting: RHB Peyton Yardley 0-0: Ball
1-0: SINGLE (Line Drive, 8LS)
Juan Díaz to second
Batting: RHB Warren Martin 0-0: Ball
1-0: Ball
2-0: Called Strike
2-1: SINGLE (Line Drive, 34D)
Juan Díaz to third
Peyton Yardley to second
Batting: LHB Brian MacIntosh 0-0: Called Strike
0-1: Called Strike
0-2: Ball
1-2: Foul Ball, location: 2F
1-2: Strikes out swinging
Pitching: RHP Bob Bartell
Batting: SHB Tony Echevarría 0-0: Ball
1-0: Foul Ball, location: 2F
1-1: Ball
2-1: Foul Ball, location: 2F
2-2: Ball
Wild Pitch!
Juan Díaz scores
Peyton Yardley to third
Warren Martin to second
3-2: Foul Ball, location: 2F
3-2: Foul Ball, location: 2F
3-2: Foul Ball, location: 2F
3-2: Base on Balls
Batting: RHB Carlos Vásquez 0-0: Swinging Strike
0-1: Swinging Strike
0-2: Ground out 5-3 (Groundball, 5S)
Top of the 7th over - 1 run(s), 3 hit(s), 0 error(s), 3 left on base; Montgomery 2 - Salem 3
BOTTOM OF THE 7TH
Salem Silver Souls batting - Pitching for Montgomery Biscuits : RHP Ken Lyons
Pitching: RHP Jim Baker
Batting: LHB Ezechiele Bruno 0-0: Ball
1-0: Ball
2-0: Swinging Strike
2-1: Called Strike
2-2: SOLO HOME RUN (Flyball, 78XD), Distance : 429 ft
Batting: RHB Willie Houk 0-0: Ball
1-0: Ball
2-0: Fly out, F7 (Flyball, 7M)
Batting: RHB Jack Snyder 0-0: Called Strike
0-1: Ball
1-1: Foul Ball, location: 2F
1-2: SOLO HOME RUN (Flyball, 78XD), Distance : 415 ft
Batting: RHB Jesús Gutiérrez 0-0: Ground out 6-3 (Groundball, 6)
Batting: RHB Peter Hensley 0-0: Called Strike
0-1: Ground out 6-3 (Groundball, 6M)
Bottom of the 7th over - 2 run(s), 2 hit(s), 0 error(s), 0 left on base; Montgomery 2 - Salem 5
TOP OF THE 8TH
Montgomery Biscuits batting - Pitching for Salem Silver Souls : RHP Bob Bartell
Now at C: Alejandro Martínez
Batting: SHB Jack Estes 0-0: Ball
1-0: Ball
2-0: Called Strike
2-1: Ball
3-1: Base on Balls
Pitching: RHP Jeff Hansen
Batting: RHB Yujiro Kurihara 0-0: Ball
1-0: Ball
2-0: Swinging Strike
2-1: Foul Ball, location: 2F
2-2: Ball
3-2: Base on Balls
Jack Estes to second
Batting: RHB Juan Díaz 0-0: Called Strike
0-1: Called Strike
0-2: Foul Ball, location: 2F
0-2: Foul Ball, location: 2F
0-2: Ball
1-2: Ball
2-2: Ball
3-2: Base on Balls
Jack Estes to third
Yujiro Kurihara to second
Batting: LHB Curt Walker 0-0: Ball
1-0: Ball
2-0: Foul Ball, location: 2F
2-1: Foul Ball, location: 2F
2-2: Foul Ball, location: 2F
2-2: Fly out, F7 (Flyball, 78D)
Runner from 3rd tags up, SCORES, no throw
Batting: RHB Peyton Yardley 0-0: Fly out, F7 (Flyball, 7LD)
Runner from 2nd tags up, SAFE at 3rd, no throw
Batting: RHB Warren Martin 0-0: Ball
1-0: Foul Ball, location: 2F
1-1: Ball
2-1: Called Strike
2-2: Foul Ball, location: 2F
2-2: Ball
3-2: Base on Balls
Juan Díaz to second
Batting: LHB Brian MacIntosh 0-0: Swinging Strike
0-1: Swinging Strike
0-2: Ball
1-2: Ball
2-2: Foul Ball, location: 2F
2-2: Ball
3-2: Foul Ball, location: 2F
3-2: Strikes out looking
Top of the 8th over - 1 run(s), 0 hit(s), 0 error(s), 3 left on base; Montgomery 3 - Salem 5
BOTTOM OF THE 8TH
Salem Silver Souls batting - Pitching for Montgomery Biscuits : RHP Jim Baker
Batting: RHB Lonson Seals 0-0: Ball
1-0: Ground out 6-3 (Groundball, 56)
Batting: LHB Raúl Cordero 0-0: Ball
1-0: Ball
2-0: Called Strike
2-1: Swinging Strike
2-2: Strikes out swinging
Batting: RHB Carlos García 0-0: Ball
1-0: Ball
2-0: Foul Ball, location: 2F
2-1: Ball
3-1: Foul Ball, location: 2F
3-2: Strikes out swinging
Bottom of the 8th over - 0 run(s), 0 hit(s), 0 error(s), 0 left on base; Montgomery 3 - Salem 5
TOP OF THE 9TH
Montgomery Biscuits batting - Pitching for Salem Silver Souls : RHP Jeff Hansen
Pitching: RHP Andy Hickey
Now at 2B: Augusto Baiano
Now in CF: Gustavo Pagán
Batting: SHB Tony Echevarría 0-0: Ground out U3 (Groundball, 3)
Batting: RHB Carlos Vásquez 0-0: Ball
1-0: Ball
2-0: Ball
3-0: Base on Balls
Batting: SHB Jack Estes 0-0: Grounds into double play, 6-4-3 (Groundball, 6)
Top of the 9th over - 0 run(s), 0 hit(s), 0 error(s), 0 left on base; Montgomery 3 - Salem 5
This league is powered by Out of the Park Baseball, the baseball management simulation game for PC, Mac and Linux
Tuesday, August 2nd, 2016 - OOTP Baseball 16.8 Build 38